[ AOE2 MATCH · #487682719 ]
UnrankedSicilians vs Malians
[ REPLAY ANALYSIS · EXTRACTED FROM THE RECORDED GAME ]
Feudal
15:01
Castle
29:14
Imperial
—
| APM avg | 20.1 |
| APM peak | 45 |
| eAPM avg | 11.4 |
| Villagers / military | 33 / 50 |
Focus
⚔️ 31.0% · 🌾 69.0%
Serjeant ×41 · Fishing Ship ×12 · Spearman ×5 · Battering Ram ×2 · Demolition Raft ×2
Feudal
16:18
Castle
24:15
Imperial
—
| APM avg | 41.9 |
| APM peak | 89 |
| eAPM avg | 22.6 |
| Villagers / military | 66 / 35 |
Focus
⚔️ 32.2% · 🌾 67.8%
Camel Scout ×16 · Knight ×14 · Fishing Ship ×8 · Scout Cavalry ×5
Feudal
14:17
Castle
25:23
Imperial
—
| APM avg | 42.7 |
| APM peak | 85 |
| eAPM avg | 22.8 |
| Villagers / military | 58 / 22 |
Focus
⚔️ 31.9% · 🌾 68.1%
Mameluke ×17 · Fishing Ship ×9 · Unknown (2626) ×9 · Galley ×4 · Mangonel ×1
Feudal
13:35
Castle
21:41
Imperial
—
| APM avg | 25.4 |
| APM peak | 52 |
| eAPM avg | 12.8 |
| Villagers / military | 82 / 20 |
Focus
⚔️ 21.1% · 🌾 78.9%
Militia ×17 · Fishing Ship ×12 · Unknown (2626) ×6 · Battering Ram ×3
Feudal
—
Castle
—
Imperial
—
| APM avg | 27.1 |
| APM peak | 50 |
| eAPM avg | 16.5 |
| Villagers / military | 86 / 31 |
Focus
⚔️ 18.9% · 🌾 81.1%
Ghulam ×29 · Fishing Ship ×28 · Armored Elephant ×2
Feudal
13:24
Castle
17:31
Imperial
—
| APM avg | 52.9 |
| APM peak | 103 |
| eAPM avg | 35.0 |
| Villagers / military | 102 / 40 |
Focus
⚔️ 17.7% · 🌾 82.3%
Knight ×34 · Fishing Ship ×21 · Fire Galley ×5 · Monk ×1
Feudal
16:22
Castle
23:52
Imperial
—
| APM avg | 19.6 |
| APM peak | 49 |
| eAPM avg | 10.6 |
| Villagers / military | 44 / 2 |
Focus
⚔️ 21.7% · 🌾 78.3%
Fishing Ship ×7 · Fire Galley ×1 · Transport Ship ×1
Feudal
13:35
Castle
17:24
Imperial
28:05
| APM avg | 25.2 |
| APM peak | 44 |
| eAPM avg | 15.5 |
| Villagers / military | 45 / 19 |
Focus
⚔️ 34.0% · 🌾 66.0%
Unknown (2626) ×26 · Fishing Ship ×20 · Knight ×8 · Archer ×6 · Battering Ram ×3 · Monk ×2
Match map
Initial resources + every placement click. Lines = walls · curves = elevation contours. ◆ gold · ⬟ stone · ● berries · ✦ relic · ◌ wall gap
Your base· Open — 5t gap
Corrupted Monk's base· Open — unwalled flank
Barce's base· Open — 7t gap
Mr. Fay's base· Open — 12t gap
NTMElGanzo's base· Open — 8t gap
Mr. Bannon's base· Open — unwalled flank
光棱攻城兵,不怕狗咬's base· Open — unwalled flank
Mr. C's base· Open — unwalled flank
Smoothed initial terrain · ◌ = detected wall gap · hover for details
Inputs per minute
— Mr. Keibron - - Corrupted Monk
Build order — Mr. Keibron
First 150 of 154 actions detected
| 0:10 | Build | Town Center |
| 2:01 | Build | House |
| 2:02 | Build | House |
| 2:33 | Research | Loom |
| 2:33 | Queue | Villager (Male) ×4 |
| 4:16 | Build | Dock |
| 4:21 | Build | House |
| 4:24 | Build | House |
| 4:42 | Queue | Villager (Male) |
| 4:43 | Queue | Villager (Male) |
| 5:24 | Queue | Villager (Male) |
| 6:10 | Build | Palisade Wall |
| 6:17 | Build | House |
| 6:18 | Build | House |
| 6:29 | Queue | Villager (Male) |
| 6:46 | Queue | Villager (Male) |
| 6:58 | Build | Lumber Camp |
| 7:07 | Queue | Fishing Ship |
| 7:07 | Queue | Fishing Ship |
| 7:18 | Queue | Villager (Male) |
| 8:03 | Queue | Villager (Male) |
| 8:03 | Queue | Villager (Male) |
| 8:09 | Queue | Fishing Ship |
| 8:32 | Queue | Villager (Male) |
| 8:53 | Queue | Villager (Male) |
| 9:15 | Queue | Villager (Male) |
| 9:16 | Queue | Fishing Ship |
| 9:18 | Queue | Fishing Ship |
| 9:36 | Queue | Villager (Male) |
| 10:12 | Queue | Villager (Male) |
| 11:01 | Build | Barracks |
| 11:22 | Build | Mining Camp |
| 11:27 | Build | Mining Camp |
| 11:31 | Queue | Fishing Ship |
| 11:39 | Build | Palisade Wall |
| 11:48 | Build | Palisade Wall |
| 12:04 | Build | Palisade Gate |
| 12:08 | Build | House |
| 12:09 | Build | Palisade Wall |
| 12:26 | Queue | Villager (Male) |
| 12:44 | Research | Feudal Age |
| 12:54 | Build | House |
| 12:54 | Build | House |
| 13:15 | Queue | Fishing Ship |
| 13:18 | Queue | Fishing Ship |
| 14:10 | Build | Dock |
| 15:00 | Queue | Villager (Male) |
| 15:01 | Age | Feudal Age |
| 15:06 | Research | Double-Bit Axe |
| 15:08 | Research | Stone Mining |
| 15:14 | Build | Palisade Gate |
| 15:19 | Research | Arson |
| 15:38 | Build | Blacksmith |
| 15:56 | Build | Outpost |
| 16:03 | Research | Town Watch |
| 16:04 | Queue | Villager (Male) |
| 16:04 | Queue | Villager (Male) |
| 16:05 | Queue | Villager (Male) |
| 16:10 | Queue | Demolition Raft |
| 16:10 | Queue | Demolition Raft |
| 16:15 | Queue | Fishing Ship |
| 16:15 | Queue | Fishing Ship |
| 16:37 | Build | Outpost |
| 17:11 | Build | Donjon |
| 17:26 | Build | Mill |
| 17:56 | Research | Forging |
| 17:57 | Research | Fletching |
| 18:07 | Build | Donjon |
| 18:52 | Queue | Villager (Male) |
| 18:52 | Queue | Villager (Male) |
| 18:52 | Queue | Villager (Male) |
| 18:53 | Queue | Villager (Male) |
| 19:09 | Queue | Fishing Ship |
| 19:09 | Queue | Fishing Ship |
| 19:18 | Build | Farm |
| 19:18 | Build | Farm |
| 19:19 | Build | Farm |
| 19:19 | Build | Farm |
| 19:39 | Queue | Serjeant |
| 19:40 | Queue | Serjeant |
| 19:40 | Queue | Serjeant |
| 19:55 | Build | Outpost |
| 20:21 | Queue | Serjeant |
| 20:21 | Queue | Serjeant |
| 20:23 | Build | House |
| 20:28 | Build | Donjon |
| 20:43 | Queue | Serjeant |
| 20:43 | Queue | Serjeant |
| 20:48 | Build | House |
| 20:54 | Build | Mining Camp |
| 21:07 | Queue | Serjeant |
| 21:07 | Queue | Serjeant |
| 21:07 | Queue | Serjeant |
| 21:34 | Queue | Serjeant |
| 22:45 | Build | Donjon |
| 22:50 | Research | Wheelbarrow |
| 22:57 | Build | Outpost |
| 24:03 | Build | Donjon |
| 24:39 | Build | Stable |
| 24:45 | Build | Farm |
| 24:47 | Build | Farm |
| 24:49 | Build | Farm |
| 24:52 | Build | Farm |
| 24:54 | Build | Farm |
| 24:59 | Build | Farm |
| 25:20 | Queue | Serjeant |
| 25:20 | Queue | Serjeant |
| 25:22 | Queue | Serjeant |
| 25:43 | Queue | Serjeant |
| 26:34 | Research | Castle Age |
| 27:14 | Research | Bloodlines |
| 27:21 | Build | Barracks |
| 27:23 | Queue | Spearman |
| 27:23 | Queue | Spearman |
| 27:24 | Queue | Spearman |
| 27:24 | Queue | Spearman |
| 27:58 | Queue | Serjeant |
| 27:58 | Queue | Serjeant |
| 27:58 | Queue | Serjeant |
| 28:30 | Queue | Serjeant |
| 28:31 | Queue | Serjeant |
| 28:31 | Queue | Serjeant |
| 29:14 | Age | Castle Age |
| 29:26 | Build | Castle |
| 29:28 | Build | Lumber Camp |
| 29:59 | Build | Siege Workshop |
| 30:05 | Queue | Serjeant |
| 30:05 | Queue | Serjeant |
| 30:05 | Queue | Serjeant |
| 30:07 | Queue | Serjeant |
| 30:23 | Build | Town Center |
| 30:56 | Queue | Serjeant ×5 |
| 30:56 | Queue | Serjeant ×5 |
| 30:56 | Queue | Serjeant ×2 |
| 31:21 | Queue | Serjeant |
| 31:22 | Queue | Serjeant |
| 31:22 | Queue | Serjeant |
| 31:58 | Research | Iron Casting |
| 32:11 | Queue | Serjeant |
| 32:48 | Queue | Villager (Male) |
| 32:48 | Queue | Villager (Male) |
| 32:48 | Queue | Villager (Male) |
| 32:49 | Queue | Villager (Male) |
| 33:02 | Build | Siege Workshop |
| 33:28 | Research | Scale Mail Armor |
| 33:41 | Research | Pikeman (upgrade) |
| 33:48 | Queue | Spearman |
| 33:54 | Build | University |
| 34:03 | Queue | Battering Ram |
| 34:04 | Queue | Battering Ram |
Build order — Corrupted Monk
First 150 of 193 actions detected
| 3:06 | Build | House |
| 3:09 | Build | House |
| 3:37 | Build | Dock |
| 4:01 | Build | Town Center |
| 4:05 | Build | Town Center |
| 4:52 | Build | Palisade Wall |
| 4:54 | Build | Palisade Wall |
| 5:08 | Build | House |
| 6:14 | Queue | Villager (Male) |
| 6:14 | Queue | Villager (Male) |
| 6:14 | Queue | Villager (Male) |
| 6:15 | Queue | Villager (Male) |
| 6:15 | Queue | Villager (Male) |
| 6:31 | Queue | Villager (Male) |
| 6:42 | Build | House |
| 7:56 | Queue | Fishing Ship |
| 7:56 | Queue | Fishing Ship |
| 8:10 | Research | Loom |
| 8:10 | Research | Loom |
| 8:32 | Queue | Villager (Male) |
| 8:37 | Queue | Fishing Ship |
| 8:38 | Queue | Fishing Ship |
| 9:05 | Queue | Villager (Male) |
| 9:18 | Queue | Villager (Male) |
| 9:18 | Queue | Villager (Male) |
| 9:43 | Queue | Villager (Male) |
| 9:43 | Queue | Villager (Male) |
| 10:04 | Queue | Villager (Male) |
| 10:05 | Queue | Villager (Male) |
| 10:07 | Queue | Villager (Male) |
| 10:07 | Queue | Villager (Male) |
| 10:36 | Build | House |
| 10:40 | Queue | Villager (Male) |
| 10:40 | Queue | Villager (Male) |
| 11:24 | Queue | Villager (Male) |
| 11:24 | Queue | Fishing Ship |
| 11:25 | Queue | Fishing Ship |
| 11:36 | Queue | Villager (Male) |
| 11:51 | Build | House |
| 11:58 | Queue | Villager (Male) |
| 12:04 | Queue | Fishing Ship |
| 12:04 | Queue | Fishing Ship |
| 12:21 | Queue | Villager (Male) |
| 12:56 | Queue | Villager (Male) |
| 13:30 | Build | Lumber Camp |
| 13:38 | Queue | Villager (Male) |
| 14:08 | Research | Feudal Age |
| 14:48 | Build | Barracks |
| 15:00 | Build | Mill |
| 15:54 | Build | Palisade Wall |
| 15:56 | Queue | Villager (Male) |
| 16:06 | Build | Palisade Wall |
| 16:10 | Queue | Villager (Male) |
| 16:12 | Build | House |
| 16:18 | Age | Feudal Age |
| 16:18 | Research | Double-Bit Axe |
| 16:19 | Research | Double-Bit Axe |
| 16:21 | Build | Stable |
| 16:25 | Queue | Villager (Male) |
| 16:35 | Queue | Villager (Male) |
| 16:40 | Build | Palisade Wall |
| 16:41 | Queue | Villager (Male) |
| 16:46 | Build | House |
| 16:48 | Build | Palisade Wall |
| 16:56 | Queue | Villager (Male) |
| 17:01 | Build | House |
| 17:08 | Build | Palisade Wall |
| 17:09 | Queue | Villager (Male) |
| 17:10 | Queue | Scout Cavalry |
| 17:11 | Queue | Scout Cavalry |
| 17:11 | Queue | Scout Cavalry |
| 17:13 | Queue | Scout Cavalry |
| 17:38 | Build | Farm |
| 17:57 | Queue | Villager (Male) |
| 18:03 | Build | Farm |
| 18:04 | Queue | Villager (Male) |
| 18:06 | Build | House |
| 18:10 | Build | Blacksmith |
| 18:11 | Queue | Villager (Male) |
| 18:25 | Queue | Villager (Male) |
| 18:30 | Build | House |
| 18:32 | Build | Palisade Wall |
| 18:33 | Build | Farm |
| 18:44 | Queue | Villager (Male) |
| 19:00 | Build | Farm |
| 19:07 | Build | House |
| 19:09 | Build | Palisade Wall |
| 19:14 | Build | House |
| 19:15 | Build | Palisade Wall |
| 19:18 | Build | Farm |
| 19:57 | Build | Mining Camp |
| 20:25 | Queue | Villager (Male) |
| 20:32 | Build | Market |
| 20:38 | Queue | Scout Cavalry |
| 21:06 | Queue | Villager (Male) |
| 21:35 | Research | Castle Age |
| 21:42 | Build | Stable |
| 22:08 | Research | Forging |
| 22:35 | Build | Stable |
| 22:45 | Research | Horse Collar |
| 22:45 | Research | Horse Collar |
| 22:59 | Queue | Villager (Male) |
| 23:09 | Build | Farm |
| 23:09 | Build | Farm |
| 23:09 | Build | Farm |
| 23:09 | Build | Farm |
| 23:10 | Build | Farm |
| 23:10 | Build | Farm |
| 23:32 | Build | Farm |
| 23:53 | Build | Farm |
| 23:56 | Research | Scale Barding Armor |
| 24:00 | Research | Bloodlines |
| 24:00 | Research | Bloodlines |
| 24:15 | Age | Castle Age |
| 24:16 | Queue | Camel Scout |
| 24:16 | Queue | Camel Scout |
| 24:34 | Queue | Villager (Male) |
| 24:55 | Build | Town Center |
| 24:56 | Queue | Villager (Male) |
| 24:57 | Queue | Villager (Male) |
| 25:03 | Queue | Camel Scout |
| 25:03 | Queue | Camel Scout |
| 25:19 | Build | Farm |
| 25:22 | Queue | Camel Scout |
| 25:22 | Queue | Camel Scout |
| 25:36 | Build | Farm |
| 25:39 | Queue | Villager (Male) |
| 25:57 | Queue | Camel Scout |
| 25:57 | Queue | Camel Scout |
| 25:57 | Queue | Camel Scout |
| 26:06 | Queue | Villager (Male) |
| 26:07 | Queue | Villager (Male) |
| 26:22 | Build | Town Center |
| 26:30 | Queue | Villager (Male) |
| 26:30 | Queue | Villager (Male) |
| 26:39 | Queue | Camel Scout |
| 26:49 | Queue | Villager (Male) |
| 26:52 | Queue | Villager (Male) |
| 26:52 | Queue | Villager (Male) |
| 26:52 | Queue | Villager (Male) |
| 27:04 | Queue | Camel Scout |
| 27:05 | Queue | Camel Scout |
| 27:07 | Queue | Camel Scout |
| 27:07 | Queue | Camel Scout |
| 27:10 | Build | Farm |
| 27:12 | Queue | Villager (Male) |
| 27:37 | Queue | Villager (Male) |
| 27:39 | Build | Farm |
| 27:42 | Queue | Villager (Male) |
| 27:42 | Queue | Villager (Male) |
Build order — Barce
First 150 of 197 actions detected
| 0:37 | Build | Town Center |
| 1:03 | Build | Dock |
| 1:05 | Build | House |
| 1:12 | Build | Palisade Wall |
| 1:13 | Build | Palisade Wall |
| 3:11 | Queue | Villager (Male) |
| 3:12 | Queue | Villager (Male) |
| 3:12 | Queue | Villager (Male) |
| 3:12 | Queue | Villager (Male) |
| 4:19 | Queue | Fishing Ship |
| 4:39 | Queue | Villager (Male) |
| 5:11 | Queue | Villager (Male) |
| 5:30 | Queue | Villager (Male) |
| 5:45 | Research | Loom |
| 5:47 | Build | House |
| 5:56 | Queue | Villager (Male) |
| 6:19 | Queue | Villager (Male) |
| 6:38 | Build | House |
| 6:46 | Queue | Villager (Male) |
| 6:54 | Build | House |
| 7:01 | Queue | Villager (Male) |
| 7:08 | Build | House |
| 7:23 | Queue | Villager (Male) |
| 7:48 | Queue | Villager (Male) |
| 7:57 | Build | House |
| 8:38 | Queue | Fishing Ship |
| 8:44 | Queue | Villager (Male) |
| 8:58 | Queue | Villager (Male) |
| 9:03 | Build | House |
| 9:12 | Queue | Villager (Male) |
| 9:43 | Build | Palisade Gate |
| 9:44 | Build | House |
| 9:46 | Queue | Villager (Male) |
| 10:04 | Queue | Villager (Male) |
| 10:06 | Queue | Fishing Ship |
| 10:43 | Build | Lumber Camp |
| 10:46 | Queue | Villager (Male) |
| 10:49 | Queue | Fishing Ship |
| 10:57 | Build | Palisade Wall |
| 11:13 | Queue | Villager (Male) |
| 11:37 | Queue | Villager (Male) |
| 11:45 | Build | Dock |
| 11:55 | Build | Palisade Wall |
| 12:00 | Research | Feudal Age |
| 12:35 | Build | Mining Camp |
| 12:40 | Build | Mining Camp |
| 13:02 | Queue | Fishing Ship |
| 13:02 | Queue | Fishing Ship |
| 13:13 | Build | Mill |
| 13:19 | Queue | Villager (Male) |
| 13:33 | Build | Palisade Wall |
| 13:36 | Build | Palisade Wall |
| 13:46 | Build | Palisade Wall |
| 13:54 | Queue | Fishing Ship |
| 13:55 | Queue | Fishing Ship |
| 14:06 | Build | House |
| 14:17 | Age | Feudal Age |
| 14:25 | Queue | Unit 2626 |
| 14:25 | Queue | Unit 2626 |
| 14:40 | Build | House |
| 14:41 | Queue | Villager (Male) |
| 15:05 | Build | Palisade Wall |
| 15:06 | Queue | Villager (Male) |
| 15:17 | Queue | Galley |
| 15:17 | Queue | Galley |
| 15:19 | Queue | Villager (Male) |
| 15:37 | Queue | Villager (Male) |
| 15:43 | Build | Mining Camp |
| 16:21 | Queue | Villager (Male) |
| 16:26 | Build | Dock |
| 16:39 | Queue | Villager (Male) |
| 16:47 | Research | Double-Bit Axe |
| 16:56 | Queue | Villager (Male) |
| 17:00 | Build | House |
| 17:01 | Build | House |
| 17:31 | Queue | Galley |
| 17:34 | Queue | Galley |
| 17:37 | Queue | Unit 2626 |
| 17:41 | Queue | Villager (Male) |
| 17:53 | Research | Gold Mining |
| 17:54 | Queue | Villager (Male) |
| 18:00 | Queue | Villager (Male) |
| 18:28 | Queue | Unit 2626 ×2 |
| 18:29 | Queue | Villager (Male) |
| 18:44 | Queue | Unit 2626 |
| 18:45 | Queue | Villager (Male) |
| 18:52 | Build | Palisade Wall |
| 18:59 | Queue | Unit 2626 |
| 19:00 | Queue | Villager (Male) |
| 19:06 | Build | Palisade Gate |
| 19:18 | Queue | Unit 2626 |
| 19:19 | Queue | Villager (Male) |
| 19:30 | Queue | Villager (Male) |
| 19:43 | Build | Farm |
| 19:45 | Build | Farm |
| 19:47 | Build | Farm |
| 20:05 | Queue | Fishing Ship |
| 20:24 | Queue | Unit 2626 |
| 20:29 | Build | House |
| 20:30 | Build | House |
| 20:44 | Build | Market |
| 21:05 | Build | House |
| 21:41 | Build | Lumber Camp |
| 21:53 | Queue | Villager (Male) |
| 22:09 | Build | Blacksmith |
| 22:12 | Queue | Villager (Male) |
| 22:15 | Build | House |
| 22:16 | Build | House |
| 22:40 | Research | Castle Age |
| 22:45 | Research | Forging |
| 23:08 | Queue | Villager (Male) |
| 23:29 | Build | Barracks |
| 23:57 | Build | Outpost |
| 23:59 | Build | Outpost |
| 24:07 | Research | Wheelbarrow |
| 24:13 | Build | Farm |
| 24:13 | Build | Farm |
| 24:13 | Build | Farm |
| 24:14 | Build | Farm |
| 24:24 | Research | Horse Collar |
| 24:26 | Research | Stone Mining |
| 24:28 | Research | Fletching |
| 24:35 | Build | Stable |
| 24:56 | Build | Outpost |
| 25:07 | Research | Town Watch |
| 25:11 | Research | Scale Barding Armor |
| 25:23 | Age | Castle Age |
| 25:33 | Research | War Galley (upgrade) |
| 25:57 | Build | Castle |
| 26:04 | Research | Bloodlines |
| 26:11 | Queue | Villager (Male) |
| 26:19 | Queue | Villager (Male) |
| 26:41 | Build | Dock |
| 26:44 | Queue | Villager (Male) |
| 27:13 | Queue | Villager (Male) |
| 27:13 | Queue | Villager (Male) |
| 27:22 | Build | Outpost |
| 27:45 | Build | Siege Workshop |
| 27:47 | Queue | Mameluke |
| 27:47 | Queue | Mameluke |
| 27:53 | Queue | Villager (Male) |
| 28:02 | Queue | Mameluke |
| 28:17 | Build | Mining Camp |
| 28:21 | Build | Outpost |
| 28:27 | Queue | Villager (Male) |
| 28:31 | Build | House |
| 28:51 | Queue | Mameluke |
| 28:52 | Queue | Mameluke |
| 29:01 | Build | Palisade Wall |
| 29:01 | Build | Palisade Wall |
Build order — Mr. Fay
First 150 of 215 actions detected
| 0:06 | Build | Town Center |
| 1:14 | Build | House |
| 1:18 | Build | Dock |
| 2:25 | Queue | Villager (Male) |
| 2:26 | Queue | Villager (Male) |
| 2:26 | Queue | Villager (Male) |
| 2:26 | Queue | Villager (Male) |
| 3:28 | Queue | Fishing Ship |
| 4:05 | Research | Loom |
| 4:13 | Queue | Villager (Male) |
| 4:15 | Queue | Fishing Ship |
| 4:32 | Build | House |
| 5:03 | Queue | Fishing Ship |
| 5:38 | Queue | Villager (Male) |
| 5:47 | Queue | Fishing Ship |
| 6:15 | Queue | Villager (Male) |
| 6:20 | Queue | Villager (Male) |
| 6:38 | Queue | Villager (Male) |
| 6:42 | Build | House |
| 6:51 | Queue | Villager (Male) |
| 6:52 | Queue | Villager (Male) |
| 6:52 | Queue | Villager (Male) |
| 7:33 | Queue | Fishing Ship |
| 7:39 | Build | House |
| 8:12 | Queue | Villager (Male) |
| 8:21 | Queue | Fishing Ship |
| 8:36 | Queue | Villager (Male) |
| 8:37 | Queue | Villager (Male) |
| 9:05 | Queue | Fishing Ship |
| 9:05 | Queue | Fishing Ship |
| 9:11 | Build | House |
| 9:27 | Build | House |
| 9:34 | Queue | Villager (Male) |
| 9:52 | Build | Mill |
| 10:02 | Queue | Villager (Male) |
| 10:34 | Queue | Villager (Male) |
| 11:00 | Queue | Villager (Male) |
| 11:10 | Research | Feudal Age |
| 11:51 | Build | Lumber Camp |
| 12:39 | Build | Dock |
| 12:43 | Queue | Fishing Ship |
| 12:43 | Queue | Fishing Ship |
| 13:02 | Build | Mining Camp |
| 13:15 | Build | Barracks |
| 13:33 | Queue | Villager (Male) |
| 13:33 | Queue | Villager (Male) |
| 13:35 | Age | Feudal Age |
| 13:53 | Build | Blacksmith |
| 14:07 | Research | Double-Bit Axe |
| 14:18 | Queue | Unit 2626 |
| 14:18 | Queue | Unit 2626 |
| 14:23 | Queue | Villager (Male) |
| 14:24 | Queue | Villager (Male) |
| 14:26 | Research | Man-at-Arms (upgrade) |
| 14:28 | Queue | Militia |
| 14:29 | Queue | Militia |
| 14:34 | Queue | Militia |
| 14:42 | Build | House |
| 14:43 | Build | House |
| 14:59 | Build | Market |
| 15:05 | Research | Town Watch |
| 15:30 | Research | Scale Mail Armor |
| 15:43 | Queue | Villager (Male) |
| 15:44 | Queue | Villager (Male) |
| 15:57 | Queue | Fishing Ship |
| 15:57 | Queue | Fishing Ship |
| 15:59 | Research | Tech 906 |
| 16:12 | Queue | Militia |
| 16:13 | Queue | Militia |
| 16:40 | Queue | Unit 2626 |
| 16:44 | Build | House |
| 16:46 | Build | House |
| 19:01 | Research | Castle Age |
| 19:35 | Research | Forging |
| 19:37 | Queue | Militia |
| 19:38 | Queue | Militia |
| 19:38 | Queue | Militia |
| 19:38 | Queue | Militia |
| 19:39 | Queue | Militia |
| 19:39 | Queue | Militia |
| 19:40 | Queue | Militia |
| 20:44 | Build | Farm |
| 20:44 | Build | Farm |
| 20:44 | Build | Farm |
| 20:44 | Build | Farm |
| 20:45 | Build | Farm |
| 20:45 | Build | Farm |
| 20:49 | Queue | Villager (Male) |
| 20:49 | Queue | Villager (Male) |
| 20:50 | Queue | Villager (Male) |
| 21:29 | Queue | Unit 2626 |
| 21:29 | Queue | Unit 2626 |
| 21:29 | Queue | Unit 2626 |
| 21:41 | Age | Castle Age |
| 21:45 | Build | Siege Workshop |
| 21:48 | Research | Chain Mail Armor |
| 21:50 | Research | Squires |
| 22:07 | Queue | Villager (Male) |
| 22:18 | Build | Town Center |
| 22:22 | Queue | Villager (Male) |
| 22:25 | Queue | Villager (Male) |
| 22:41 | Build | Town Center |
| 22:45 | Queue | Battering Ram |
| 22:46 | Queue | Battering Ram |
| 22:46 | Queue | Battering Ram |
| 22:49 | Build | House |
| 22:50 | Build | House |
| 22:59 | Queue | Villager (Male) |
| 23:00 | Queue | Villager (Male) |
| 23:09 | Build | House |
| 23:12 | Build | House |
| 23:14 | Build | House |
| 23:16 | Queue | Villager (Male) |
| 23:17 | Queue | Villager (Male) |
| 23:17 | Queue | Villager (Male) |
| 23:18 | Queue | Villager (Male) |
| 23:19 | Queue | Villager (Male) |
| 23:51 | Queue | Villager (Male) |
| 23:51 | Queue | Villager (Male) |
| 24:10 | Build | Mining Camp |
| 24:13 | Queue | Villager (Male) |
| 24:13 | Queue | Villager (Male) |
| 24:23 | Queue | Militia |
| 24:37 | Queue | Militia |
| 24:37 | Queue | Militia |
| 24:43 | Queue | Villager (Male) |
| 24:43 | Queue | Villager (Male) |
| 24:49 | Build | Farm |
| 24:49 | Build | Farm |
| 24:50 | Build | Farm |
| 24:50 | Build | Farm |
| 24:50 | Build | Farm |
| 24:51 | Build | Farm |
| 25:06 | Research | War Galley (upgrade) |
| 25:20 | Queue | Militia |
| 25:20 | Queue | Militia |
| 25:33 | Build | Farm |
| 26:56 | Research | Long Swordsman (upgrade) |
| 27:12 | Queue | Villager (Male) |
| 27:13 | Queue | Villager (Male) |
| 27:13 | Research | Wheelbarrow |
| 27:15 | Queue | Villager (Male) |
| 27:15 | Queue | Villager (Male) |
| 27:16 | Queue | Villager (Male) |
| 27:16 | Queue | Villager (Male) |
| 27:38 | Queue | Villager (Male) |
| 27:38 | Queue | Villager (Male) |
| 27:38 | Queue | Villager (Male) |
| 27:38 | Queue | Villager (Male) |
| 27:51 | Research | Iron Casting |
Build order — NTMElGanzo
First 150 of 235 actions detected
| 2:02 | Build | Town Center |
| 3:07 | Build | House |
| 3:09 | Build | Dock |
| 4:11 | Queue | Villager (Male) |
| 4:11 | Queue | Villager (Male) |
| 4:12 | Queue | Villager (Male) |
| 4:12 | Queue | Villager (Male) |
| 4:13 | Queue | Villager (Male) |
| 5:11 | Queue | Fishing Ship |
| 5:36 | Queue | Villager (Male) |
| 5:49 | Build | House |
| 6:21 | Queue | Fishing Ship |
| 6:38 | Queue | Villager (Male) |
| 7:05 | Queue | Villager (Male) |
| 7:35 | Queue | Fishing Ship |
| 7:36 | Queue | Villager (Male) |
| 7:53 | Build | House |
| 8:01 | Queue | Villager (Male) |
| 8:20 | Queue | Villager (Male) |
| 8:27 | Queue | Fishing Ship |
| 8:52 | Queue | Villager (Male) |
| 8:57 | Queue | Fishing Ship |
| 9:09 | Queue | Villager (Male) |
| 9:21 | Build | House |
| 9:41 | Queue | Villager (Male) |
| 9:44 | Queue | Fishing Ship |
| 9:45 | Queue | Fishing Ship |
| 10:05 | Queue | Villager (Male) |
| 10:14 | Queue | Fishing Ship |
| 10:16 | Queue | Villager (Male) |
| 10:17 | Build | House |
| 10:26 | Build | House |
| 10:35 | Build | House |
| 11:05 | Queue | Villager (Male) |
| 11:06 | Queue | Fishing Ship |
| 11:12 | Build | House |
| 11:27 | Queue | Villager (Male) |
| 11:53 | Queue | Villager (Male) |
| 11:54 | Queue | Fishing Ship |
| 12:19 | Queue | Villager (Male) |
| 12:32 | Build | Mining Camp |
| 12:34 | Queue | Villager (Male) |
| 12:36 | Queue | Fishing Ship |
| 13:14 | Research | Feudal Age |
| 13:18 | Queue | Fishing Ship |
| 13:36 | Build | House |
| 13:59 | Queue | Villager (Male) |
| 14:01 | Queue | Fishing Ship |
| 14:06 | Build | House |
| 14:55 | Queue | Fishing Ship |
| 15:31 | Build | Blacksmith |
| 15:46 | Build | Mill |
| 15:47 | Queue | Villager (Male) |
| 16:14 | Queue | Villager (Male) |
| 16:30 | Build | Market |
| 16:35 | Queue | Villager (Male) |
| 16:41 | Build | House |
| 17:12 | Research | Castle Age |
| 17:20 | Build | Lumber Camp |
| 17:32 | Build | Watch Tower |
| 18:40 | Build | House |
| 18:41 | Build | House |
| 18:49 | Queue | Fishing Ship |
| 19:07 | Research | Double-Bit Axe |
| 19:30 | Queue | Villager (Male) |
| 19:50 | Research | Loom |
| 20:04 | Queue | Villager (Male) |
| 20:33 | Build | Castle |
| 20:50 | Build | Castle |
| 21:02 | Queue | Villager (Male) |
| 21:19 | Build | Castle |
| 21:31 | Build | House |
| 21:38 | Build | House |
| 22:02 | Queue | Villager (Male) |
| 22:13 | Build | Town Center |
| 22:39 | Queue | Villager (Male) |
| 22:39 | Queue | Villager (Male) |
| 23:07 | Queue | Villager (Male) |
| 23:15 | Build | Town Center |
| 23:25 | Build | Mining Camp |
| 23:36 | Queue | Villager (Male) |
| 23:36 | Research | Wheelbarrow |
| 23:43 | Build | House |
| 23:54 | Build | House |
| 24:00 | Build | House |
| 24:01 | Build | Palisade Wall |
| 24:16 | Build | Palisade Wall |
| 24:18 | Build | Palisade Wall |
| 24:28 | Queue | Ghulam |
| 24:28 | Queue | Ghulam |
| 24:29 | Queue | Villager (Male) |
| 24:49 | Queue | Ghulam |
| 24:49 | Queue | Ghulam |
| 25:10 | Research | Forging |
| 25:11 | Research | Scale Mail Armor |
| 25:12 | Queue | Villager (Male) |
| 25:19 | Queue | Ghulam |
| 25:35 | Queue | Villager (Male) |
| 25:54 | Build | Siege Workshop |
| 25:58 | Build | Mining Camp |
| 26:00 | Queue | Villager (Male) |
| 26:05 | Queue | Villager (Male) |
| 26:05 | Queue | Villager (Male) |
| 26:23 | Queue | Villager (Male) |
| 26:27 | Queue | Ghulam |
| 26:35 | Queue | Armored Elephant |
| 26:36 | Queue | Villager (Male) |
| 26:48 | Build | Barracks |
| 26:49 | Queue | Villager (Male) |
| 26:49 | Queue | Villager (Male) |
| 26:51 | Queue | Fishing Ship |
| 27:10 | Queue | Villager (Male) |
| 27:11 | Queue | Ghulam |
| 27:11 | Queue | Ghulam |
| 27:17 | Queue | Ghulam |
| 27:17 | Queue | Ghulam |
| 27:17 | Queue | Ghulam |
| 27:23 | Queue | Villager (Male) |
| 27:33 | Build | Dock |
| 27:46 | Queue | Villager (Male) |
| 27:46 | Queue | Villager (Male) |
| 27:47 | Queue | Villager (Male) |
| 27:47 | Queue | Ghulam |
| 27:48 | Queue | Ghulam |
| 28:09 | Queue | Villager (Male) |
| 28:09 | Queue | Villager (Male) |
| 28:09 | Queue | Villager (Male) |
| 28:16 | Build | Stable |
| 28:31 | Queue | Villager (Male) |
| 28:31 | Queue | Villager (Male) |
| 28:34 | Queue | Fishing Ship |
| 28:34 | Queue | Fishing Ship |
| 28:36 | Queue | Villager (Male) |
| 28:44 | Build | Fish Trap |
| 28:46 | Queue | Ghulam |
| 28:46 | Queue | Ghulam |
| 28:47 | Queue | Ghulam |
| 28:49 | Queue | Villager (Male) |
| 28:56 | Queue | Fishing Ship |
| 29:05 | Queue | Villager (Male) |
| 29:06 | Queue | Ghulam |
| 29:22 | Queue | Armored Elephant |
| 29:32 | Queue | Villager (Male) |
| 29:42 | Build | Fish Trap |
| 29:43 | Build | Fish Trap |
| 29:44 | Queue | Fishing Ship |
| 29:45 | Queue | Fishing Ship |
| 29:45 | Queue | Fishing Ship |
| 30:02 | Queue | Villager (Male) |
| 30:07 | Queue | Ghulam |
Build order — Mr. Bannon
First 150 of 273 actions detected
| 0:08 | Build | House |
| 0:22 | Build | Town Center |
| 1:42 | Build | Dock |
| 2:43 | Queue | Villager (Male) |
| 2:43 | Queue | Villager (Male) |
| 2:43 | Queue | Villager (Male) |
| 2:44 | Queue | Villager (Male) |
| 2:44 | Queue | Villager (Male) |
| 3:39 | Queue | Fishing Ship |
| 3:39 | Queue | Fishing Ship |
| 3:50 | Queue | Villager (Male) |
| 4:15 | Build | House |
| 5:01 | Queue | Fishing Ship |
| 5:13 | Queue | Villager (Male) |
| 5:34 | Research | Loom |
| 5:49 | Queue | Fishing Ship |
| 6:14 | Queue | Villager (Male) |
| 6:14 | Queue | Villager (Male) |
| 6:14 | Queue | Villager (Male) |
| 6:31 | Queue | Fishing Ship |
| 6:35 | Build | House |
| 6:55 | Queue | Fishing Ship |
| 6:55 | Queue | Fishing Ship |
| 7:01 | Queue | Villager (Male) |
| 7:01 | Queue | Villager (Male) |
| 7:06 | Queue | Villager (Male) |
| 7:06 | Queue | Villager (Male) |
| 7:37 | Queue | Villager (Male) |
| 7:41 | Build | House |
| 8:05 | Queue | Villager (Male) |
| 8:05 | Queue | Villager (Male) |
| 8:09 | Queue | Fishing Ship |
| 8:41 | Queue | Villager (Male) |
| 8:41 | Queue | Villager (Male) |
| 9:00 | Queue | Fishing Ship |
| 9:02 | Build | House |
| 9:35 | Queue | Villager (Male) |
| 9:43 | Build | Palisade Wall |
| 9:55 | Build | Mill |
| 10:12 | Queue | Villager (Male) |
| 10:12 | Queue | Villager (Male) |
| 10:27 | Build | Farm |
| 10:34 | Build | House |
| 10:46 | Research | Feudal Age |
| 10:58 | Queue | Fishing Ship |
| 10:59 | Queue | Fishing Ship |
| 11:05 | Build | House |
| 11:33 | Queue | Villager (Male) |
| 11:33 | Queue | Villager (Male) |
| 11:34 | Queue | Villager (Male) |
| 11:57 | Build | Mining Camp |
| 12:10 | Build | Mining Camp |
| 12:15 | Queue | Villager (Male) |
| 12:15 | Queue | Villager (Male) |
| 13:01 | Build | House |
| 13:24 | Age | Feudal Age |
| 13:28 | Build | Market |
| 13:33 | Build | Blacksmith |
| 14:00 | Queue | Fishing Ship |
| 14:36 | Build | Farm |
| 14:37 | Build | Farm |
| 14:51 | Research | Castle Age |
| 14:51 | Research | Castle Age |
| 15:06 | Build | Palisade Gate |
| 15:12 | Build | Barracks |
| 15:28 | Build | Outpost |
| 15:45 | Research | Gold Mining |
| 15:54 | Queue | Villager (Male) |
| 15:54 | Queue | Villager (Male) |
| 16:34 | Build | Watch Tower |
| 16:54 | Build | Lumber Camp |
| 17:25 | Build | Stable |
| 17:31 | Age | Castle Age |
| 18:00 | Queue | Villager (Male) |
| 18:01 | Queue | Villager (Male) |
| 18:03 | Research | Double-Bit Axe |
| 18:03 | Research | Double-Bit Axe |
| 18:17 | Queue | Knight |
| 18:17 | Queue | Knight |
| 18:17 | Queue | Knight |
| 18:36 | Build | Stable |
| 18:44 | Build | Farm |
| 18:46 | Build | Farm |
| 19:05 | Research | Scale Barding Armor |
| 19:05 | Research | Scale Barding Armor |
| 19:09 | Build | House |
| 19:38 | Queue | Knight |
| 19:38 | Queue | Knight |
| 19:38 | Queue | Knight |
| 20:02 | Queue | Villager (Male) |
| 20:02 | Queue | Villager (Male) |
| 20:08 | Build | Dock |
| 20:12 | Build | Farm |
| 20:13 | Queue | Villager (Male) |
| 20:14 | Queue | Villager (Male) |
| 20:26 | Build | House |
| 20:26 | Build | House |
| 20:49 | Queue | Villager (Male) |
| 21:05 | Build | House |
| 21:07 | Queue | Fishing Ship |
| 21:07 | Queue | Fishing Ship |
| 21:07 | Queue | Fishing Ship |
| 21:10 | Queue | Villager (Male) |
| 21:11 | Queue | Villager (Male) |
| 21:44 | Build | Farm |
| 21:46 | Build | Farm |
| 21:47 | Build | Farm |
| 21:48 | Queue | Villager (Male) |
| 21:57 | Build | House |
| 22:01 | Queue | Fishing Ship |
| 22:01 | Queue | Fishing Ship |
| 22:27 | Research | Forging |
| 22:31 | Research | Bloodlines |
| 22:31 | Research | Bloodlines |
| 22:34 | Queue | Knight |
| 22:34 | Queue | Knight |
| 22:34 | Queue | Knight |
| 22:44 | Queue | Fishing Ship |
| 22:44 | Queue | Fishing Ship |
| 22:46 | Queue | Fishing Ship |
| 22:47 | Queue | Fishing Ship |
| 22:58 | Build | Farm |
| 23:00 | Build | Farm |
| 23:02 | Queue | Villager (Male) |
| 23:03 | Queue | Villager (Male) |
| 23:15 | Queue | Villager (Male) |
| 23:20 | Research | Husbandry |
| 23:32 | Build | Farm |
| 23:34 | Build | House |
| 23:40 | Queue | Knight |
| 23:40 | Queue | Knight |
| 23:41 | Queue | Knight |
| 23:54 | Research | Chain Barding Armor |
| 23:54 | Research | Chain Barding Armor |
| 24:18 | Queue | Fire Galley |
| 24:18 | Queue | Fire Galley |
| 24:22 | Queue | Knight |
| 24:22 | Queue | Knight |
| 24:52 | Queue | Villager (Male) |
| 24:52 | Queue | Villager (Male) |
| 24:52 | Queue | Villager (Male) |
| 24:55 | Build | House |
| 25:10 | Queue | Knight |
| 25:11 | Queue | Knight |
| 25:11 | Queue | Knight |
| 25:11 | Queue | Knight |
| 25:30 | Build | Town Center |
| 25:42 | Research | Town Watch |
| 25:42 | Research | Town Watch |
| 26:07 | Queue | Fire Galley |
Build order — 光棱攻城兵,不怕狗咬
106 actions detected in the replay
| 0:41 | Build | Dock |
| 1:55 | Build | Town Center |
| 2:23 | Build | Town Center |
| 2:33 | Build | House |
| 3:30 | Build | House |
| 4:51 | Queue | Villager (Male) |
| 4:51 | Queue | Villager (Male) |
| 4:52 | Queue | Villager (Male) |
| 4:52 | Queue | Villager (Male) |
| 4:52 | Queue | Villager (Male) |
| 4:59 | Research | Loom |
| 4:59 | Queue | Villager (Male) |
| 4:59 | Queue | Villager (Male) |
| 5:00 | Queue | Villager (Male) |
| 5:00 | Queue | Villager (Male) |
| 7:02 | Queue | Villager (Male) |
| 7:25 | Queue | Villager (Male) |
| 7:46 | Queue | Villager (Male) |
| 8:01 | Build | Mill |
| 8:09 | Queue | Villager (Male) |
| 9:00 | Queue | Villager (Male) |
| 9:06 | Build | House |
| 9:30 | Queue | Villager (Male) |
| 9:47 | Build | House |
| 9:50 | Queue | Villager (Male) |
| 10:15 | Queue | Villager (Male) |
| 10:36 | Queue | Villager (Male) |
| 10:40 | Queue | Fishing Ship |
| 11:01 | Queue | Villager (Male) |
| 11:11 | Queue | Villager (Male) |
| 11:16 | Queue | Fishing Ship |
| 11:39 | Queue | Villager (Male) |
| 12:06 | Build | House |
| 12:10 | Queue | Fishing Ship |
| 12:11 | Queue | Villager (Male) |
| 12:48 | Queue | Villager (Male) |
| 12:49 | Queue | Fishing Ship |
| 13:09 | Build | Barracks |
| 13:16 | Queue | Villager (Male) |
| 13:24 | Queue | Fishing Ship |
| 13:47 | Queue | Villager (Male) |
| 13:57 | Research | Feudal Age |
| 14:23 | Build | Mining Camp |
| 14:45 | Build | Palisade Wall |
| 14:57 | Build | House |
| 15:26 | Build | House |
| 15:37 | Queue | Fishing Ship |
| 15:55 | Queue | Villager (Male) |
| 16:22 | Age | Feudal Age |
| 16:24 | Build | Watch Tower |
| 16:26 | Queue | Villager (Male) |
| 16:39 | Queue | Villager (Male) |
| 16:43 | Build | Palisade Wall |
| 16:45 | Build | Palisade Wall |
| 16:56 | Build | Market |
| 17:27 | Build | Blacksmith |
| 17:31 | Build | Palisade Wall |
| 17:33 | Build | Palisade Wall |
| 17:44 | Build | Palisade Wall |
| 17:52 | Build | Blacksmith |
| 18:09 | Build | Palisade Wall |
| 18:10 | Build | Palisade Wall |
| 18:13 | Build | Palisade Wall |
| 18:29 | Build | Palisade Wall |
| 18:50 | Queue | Villager (Male) |
| 19:01 | Build | Watch Tower |
| 19:22 | Queue | Villager (Male) |
| 19:25 | Queue | Fire Galley |
| 19:26 | Research | Tech 906 |
| 19:54 | Build | Farm |
| 19:55 | Build | Farm |
| 19:57 | Queue | Villager (Male) |
| 19:58 | Queue | Villager (Male) |
| 20:25 | Queue | Fishing Ship |
| 20:36 | Build | Farm |
| 20:41 | Queue | Villager (Male) |
| 20:49 | Build | Mining Camp |
| 21:12 | Research | Castle Age |
| 22:12 | Build | Palisade Wall |
| 22:17 | Build | Palisade Wall |
| 22:44 | Queue | Transport Ship |
| 23:52 | Age | Castle Age |
| 24:11 | Build | Town Center |
| 25:08 | Queue | Villager (Male) |
| 25:08 | Queue | Villager (Male) |
| 25:08 | Queue | Villager (Male) |
| 25:11 | Build | House |
| 25:12 | Build | House |
| 25:20 | Build | Lumber Camp |
| 26:09 | Build | Farm |
| 26:12 | Queue | Villager (Male) |
| 26:12 | Queue | Villager (Male) |
| 26:50 | Build | Farm |
| 26:52 | Build | Farm |
| 26:52 | Queue | Villager (Male) |
| 27:26 | Build | Lumber Camp |
| 27:44 | Queue | Villager (Male) |
| 28:02 | Research | Double-Bit Axe |
| 28:06 | Build | Farm |
| 28:12 | Build | Farm |
| 28:13 | Queue | Villager (Male) |
| 28:42 | Queue | Villager (Male) |
| 29:16 | Queue | Villager (Male) |
| 29:28 | Build | House |
| 29:29 | Build | House |
| 30:13 | Queue | Villager (Male) |
Build order — Mr. C
First 150 of 194 actions detected
| 0:22 | Build | Town Center |
| 0:37 | Build | Dock |
| 0:44 | Build | House |
| 2:37 | Queue | Villager (Male) ×4 |
| 3:37 | Queue | Fishing Ship |
| 3:42 | Queue | Villager (Male) |
| 4:36 | Queue | Villager (Male) |
| 4:43 | Build | House |
| 5:04 | Queue | Villager (Male) |
| 5:05 | Queue | Villager (Male) |
| 5:23 | Queue | Villager (Male) |
| 5:31 | Queue | Fishing Ship |
| 5:44 | Queue | Villager (Male) |
| 5:55 | Build | House |
| 6:09 | Queue | Villager (Male) |
| 6:41 | Queue | Villager (Male) |
| 6:43 | Queue | Fishing Ship |
| 6:57 | Queue | Villager (Male) |
| 7:15 | Queue | Fishing Ship |
| 7:19 | Build | House |
| 7:36 | Queue | Villager (Male) |
| 7:37 | Queue | Villager (Male) |
| 7:53 | Queue | Villager (Male) |
| 7:59 | Queue | Fishing Ship |
| 8:12 | Build | House |
| 8:15 | Queue | Villager (Male) |
| 8:18 | Build | House |
| 8:29 | Build | House |
| 8:49 | Queue | Villager (Male) |
| 8:49 | Queue | Villager (Male) |
| 9:03 | Queue | Villager (Male) |
| 9:08 | Build | Mill |
| 9:11 | Queue | Fishing Ship |
| 9:24 | Build | Dock |
| 9:27 | Queue | Villager (Male) |
| 9:27 | Queue | Villager (Male) |
| 9:31 | Queue | Villager (Male) |
| 10:09 | Queue | Fishing Ship |
| 10:14 | Build | House |
| 10:18 | Queue | Villager (Male) |
| 10:39 | Queue | Villager (Male) |
| 10:39 | Queue | Villager (Male) |
| 10:43 | Queue | Fishing Ship |
| 10:49 | Build | House |
| 11:13 | Queue | Fishing Ship |
| 11:21 | Research | Feudal Age |
| 11:31 | Queue | Fishing Ship |
| 11:45 | Build | Lumber Camp |
| 12:02 | Queue | Fishing Ship |
| 12:46 | Queue | Fishing Ship |
| 12:47 | Queue | Fishing Ship |
| 13:16 | Queue | Villager (Male) |
| 13:35 | Age | Feudal Age |
| 13:36 | Build | Blacksmith |
| 13:45 | Build | Market |
| 13:47 | Queue | Villager (Male) |
| 13:52 | Research | Town Watch |
| 14:07 | Build | House |
| 14:44 | Research | Castle Age |
| 14:46 | Build | Mining Camp |
| 15:03 | Research | Double-Bit Axe |
| 15:07 | Queue | Unit 2626 |
| 15:31 | Queue | Unit 2626 |
| 15:51 | Queue | Villager (Male) |
| 16:02 | Queue | Unit 2626 |
| 16:02 | Queue | Unit 2626 |
| 16:38 | Build | House |
| 16:45 | Queue | Unit 2626 |
| 16:57 | Queue | Unit 2626 |
| 17:17 | Queue | Unit 2626 |
| 17:24 | Age | Castle Age |
| 17:29 | Research | Bow Saw |
| 17:48 | Queue | Unit 2626 |
| 17:48 | Queue | Unit 2626 |
| 18:31 | Queue | Unit 2626 |
| 18:31 | Queue | Unit 2626 |
| 18:31 | Queue | Unit 2626 |
| 18:41 | Queue | Unit 2626 |
| 18:52 | Queue | Unit 2626 |
| 19:06 | Queue | Unit 2626 |
| 19:06 | Queue | Unit 2626 |
| 19:12 | Queue | Unit 2626 |
| 19:26 | Research | War Galley (upgrade) |
| 19:38 | Build | House |
| 19:39 | Build | House |
| 19:46 | Research | Loom |
| 19:46 | Queue | Villager (Male) |
| 19:46 | Queue | Villager (Male) |
| 19:49 | Research | Gold Mining |
| 19:59 | Queue | Unit 2626 |
| 20:21 | Queue | Unit 2626 |
| 20:22 | Queue | Unit 2626 |
| 20:37 | Queue | Unit 2626 |
| 20:51 | Build | Dock |
| 20:57 | Queue | Unit 2626 |
| 20:59 | Queue | Villager (Male) |
| 21:26 | Research | Forging |
| 21:28 | Queue | Unit 2626 |
| 21:28 | Queue | Unit 2626 |
| 21:42 | Queue | Unit 2626 |
| 21:56 | Queue | Unit 2626 |
| 22:00 | Research | Wheelbarrow |
| 22:00 | Queue | Villager (Male) |
| 22:01 | Queue | Villager (Male) |
| 22:11 | Build | House |
| 22:12 | Build | House |
| 22:13 | Build | House |
| 22:13 | Build | House |
| 22:57 | Queue | Fishing Ship |
| 22:58 | Queue | Fishing Ship |
| 22:58 | Queue | Fishing Ship |
| 23:15 | Build | Dock |
| 23:19 | Queue | Villager (Male) |
| 23:19 | Queue | Villager (Male) |
| 23:32 | Research | Tech 906 |
| 23:35 | Queue | Villager (Male) |
| 23:35 | Queue | Villager (Male) |
| 24:02 | Build | University |
| 24:04 | Build | Monastery |
| 24:09 | Build | Lumber Camp |
| 24:22 | Research | Iron Casting |
| 24:30 | Queue | Villager (Male) |
| 24:32 | Queue | Monk |
| 24:48 | Research | Imperial Age |
| 24:57 | Research | Gillnets |
| 25:20 | Queue | Monk |
| 26:07 | Build | Town Center |
| 26:21 | Build | Barracks |
| 27:13 | Build | Stable |
| 27:15 | Build | Stable |
| 27:25 | Queue | Villager (Male) |
| 27:33 | Research | Horse Collar |
| 27:37 | Research | Stone Mining |
| 27:44 | Build | Outpost |
| 27:47 | Build | Outpost |
| 27:49 | Build | Outpost |
| 27:55 | Queue | Knight |
| 27:55 | Queue | Knight |
| 27:55 | Queue | Knight |
| 28:05 | Age | Imperial Age |
| 28:05 | Build | Stable |
| 28:09 | Build | Outpost |
| 28:21 | Build | Siege Workshop |
| 28:25 | Build | Outpost |
| 28:30 | Queue | Knight |
| 28:30 | Queue | Knight |
| 28:32 | Research | Scale Barding Armor |
| 28:33 | Research | Blast Furnace |
| 28:44 | Research | Hand Cart |
| 28:48 | Queue | Fishing Ship |
Match timeline
| 0:37 | Mr. C · first_building Dock |
| 0:41 | 光棱攻城兵,不怕狗咬 · first_building Dock |
| 1:03 | Barce · first_building Dock |
| 1:12 | Barce · wall_segment Palisade Wall x1 |
| 1:13 | Barce · wall_segment Palisade Wall x1 |
| 1:18 | Mr. Fay · first_building Dock |
| 1:42 | Mr. Bannon · first_building Dock |
| 3:09 | NTMElGanzo · first_building Dock |
| 3:37 | Corrupted Monk · first_building Dock |
| 4:16 | Mr. Keibron · first_building Dock |
| 4:52 | Corrupted Monk · wall_segment Palisade Wall x1 |
| 4:54 | Corrupted Monk · wall_segment Palisade Wall x1 |
| 6:10 | Mr. Keibron · wall_segment Palisade Wall x1 |
| 9:43 | Mr. Bannon · wall_segment Palisade Wall x8 |
| 10:57 | Barce · wall_segment Palisade Wall x6 |
| 11:01 | Mr. Keibron · first_building Barracks |
| 11:39 | Mr. Keibron · wall_segment Palisade Wall x1 |
| 11:48 | Mr. Keibron · wall_segment Palisade Wall x8 |
| 11:55 | Barce · wall_segment Palisade Wall x8 |
| 12:09 | Mr. Keibron · wall_segment Palisade Wall x2 |
| 13:09 | 光棱攻城兵,不怕狗咬 · first_building Barracks |
| 13:15 | Mr. Fay · first_building Barracks |
| 13:24 | Mr. Bannon · age_up feudal |
| 13:33 | Barce · wall_segment Palisade Wall x8 |
| 13:35 | Mr. Fay · age_up feudal |
| 13:35 | Mr. C · age_up feudal |
| 13:36 | Barce · wall_segment Palisade Wall x6 |
| 13:46 | Barce · wall_segment Palisade Wall x2 |
| 14:17 | Barce · age_up feudal |
| 14:32 | Mr. C · first_market_sell 100 food |
| 14:45 | 光棱攻城兵,不怕狗咬 · wall_segment Palisade Wall x5 |
| 14:48 | Corrupted Monk · first_building Barracks |
| 15:01 | Mr. Keibron · age_up feudal |
| 15:05 | Barce · wall_segment Palisade Wall x9 |
| 15:12 | Mr. Bannon · first_building Barracks |
| 15:54 | Corrupted Monk · wall_segment Palisade Wall x4 |
| 16:06 | Corrupted Monk · wall_segment Palisade Wall x1 |
| 16:18 | Corrupted Monk · age_up feudal |
| 16:21 | Corrupted Monk · first_building Stable |
| 16:22 | 光棱攻城兵,不怕狗咬 · age_up feudal |
| 16:40 | Corrupted Monk · wall_segment Palisade Wall x8 |
| 16:43 | 光棱攻城兵,不怕狗咬 · wall_segment Palisade Wall x2 |
| 16:45 | 光棱攻城兵,不怕狗咬 · wall_segment Palisade Wall x5 |
| 16:48 | Corrupted Monk · wall_segment Palisade Wall x11 |
| 17:08 | Corrupted Monk · wall_segment Palisade Wall x7 |
| 17:08 | NTMElGanzo · first_market_sell 100 stone |
| 17:11 | Mr. Keibron · first_building Donjon |
| 17:23 | Mr. Bannon · first_market_buy 100 wood |
| 17:24 | Mr. C · age_up castle |
| 17:25 | Mr. Bannon · first_building Stable |
| 17:31 | Mr. Bannon · age_up castle |
| 17:31 | 光棱攻城兵,不怕狗咬 · wall_segment Palisade Wall x1 |
| 17:33 | 光棱攻城兵,不怕狗咬 · wall_segment Palisade Wall x1 |
| 17:44 | 光棱攻城兵,不怕狗咬 · wall_segment Palisade Wall x3 |
| 18:00 | Mr. Fay · first_market_buy 100 food |
| 18:09 | 光棱攻城兵,不怕狗咬 · wall_segment Palisade Wall x1 |
| 18:10 | 光棱攻城兵,不怕狗咬 · wall_segment Palisade Wall x1 |
| 18:13 | 光棱攻城兵,不怕狗咬 · wall_segment Palisade Wall x1 |
| 18:29 | 光棱攻城兵,不怕狗咬 · wall_segment Palisade Wall x1 |
| 18:32 | Corrupted Monk · wall_segment Palisade Wall x6 |
| 18:52 | Barce · wall_segment Palisade Wall x5 |
| 19:09 | Corrupted Monk · wall_segment Palisade Wall x7 |
| 19:15 | Corrupted Monk · wall_segment Palisade Wall x7 |
| 20:28 | NTMElGanzo · first_market_buy 100 stone |
| 20:33 | NTMElGanzo · first_building Castle |
| 21:08 | 光棱攻城兵,不怕狗咬 · first_market_sell 100 stone |
| 21:33 | Corrupted Monk · first_market_sell 100 wood |
| 21:41 | Mr. Fay · age_up castle |
| 21:45 | Mr. Fay · first_building Siege Workshop |
| 21:57 | Barce · first_market_buy 100 food |
| 22:12 | 光棱攻城兵,不怕狗咬 · wall_segment Palisade Wall x1 |
| 22:17 | 光棱攻城兵,不怕狗咬 · wall_segment Palisade Wall x1 |
| 23:29 | Barce · first_building Barracks |
| 23:52 | Mr. Bannon · first_market_sell 100 wood |
| 23:52 | Mr. C · first_market_buy 100 wood |
| 23:52 | 光棱攻城兵,不怕狗咬 · age_up castle |
| 24:01 | NTMElGanzo · wall_segment Palisade Wall x1 |
| 24:04 | Mr. C · first_building Monastery |
| 24:15 | Corrupted Monk · age_up castle |
| 24:16 | NTMElGanzo · wall_segment Palisade Wall x1 |
| 24:18 | NTMElGanzo · wall_segment Palisade Wall x1 |
| 24:35 | Barce · first_building Stable |
| 24:39 | Mr. Keibron · first_building Stable |
| 25:23 | Barce · age_up castle |
| 25:54 | NTMElGanzo · first_building Siege Workshop |
| 25:57 | Barce · first_building Castle |
| 26:20 | Corrupted Monk · first_market_buy 100 stone |
| 26:21 | Mr. C · first_building Barracks |
| 26:48 | NTMElGanzo · first_building Barracks |
| 26:54 | Mr. Bannon · first_building Monastery |
| 27:13 | Mr. C · first_building Stable |
| 27:45 | Barce · first_building Siege Workshop |
| 28:05 | Mr. C · age_up imperial |
| 28:16 | NTMElGanzo · first_building Stable |
| 28:21 | Mr. C · first_building Siege Workshop |
| 29:01 | Barce · wall_segment Palisade Wall x1 |
| 29:01 | Barce · wall_segment Palisade Wall x1 |
| 29:02 | Barce · wall_segment Palisade Wall x1 |
| 29:03 | Barce · wall_segment Palisade Wall x1 |
| 29:14 | Mr. Keibron · age_up castle |
| 29:26 | Mr. Keibron · first_building Castle |
| 29:59 | Mr. Keibron · first_building Siege Workshop |
| 30:34 | Corrupted Monk · resign |
| 31:35 | Mr. C · first_building Archery Range |
| 32:10 | Barce · wall_segment Stone Wall x9 |
| 32:49 | Barce · wall_segment Palisade Wall x9 |
| 32:50 | Barce · wall_segment Palisade Wall x8 |
| 33:22 | Mr. Fay · tribute_sent a jugador 1 |
| 33:22 | Mr. Fay · tribute_sent a jugador 2 |
| 33:22 | Mr. Fay · tribute_sent a jugador 3 |
| 33:22 | Mr. Fay · tribute_sent a jugador 5 |
| 33:22 | Mr. Fay · tribute_sent a jugador 6 |
| 33:22 | Mr. Fay · tribute_sent a jugador 7 |
| 33:22 | Mr. Fay · tribute_sent a jugador 8 |
| 34:25 | Mr. Fay · first_building Monastery |
[ AI ANALYSIS · 1 CREDIT ]
What really happened in this match?
Wolo.gg analyzes every decision: build order, eco, micro, common mistakes by bracket. Personalized analysis on WhatsApp or Discord in 30 seconds.
Civ guide
Sicilians
Perfil
Jugador #2701657